AoeStats
← FLOflo

MegaRandom

509642165Analyzed
2v2 RM · 3d ago on Sep 27, 2026· 140m 33s· 4 players
Game mode
Random Map
Map size
Medium (4 player)
Population
200
Speed
Normal
Resources
Standard
Victory
Conquest
Starting age
Dark Age
Ending age
Imperial Age
RankedLock teamsTeams togetherTeam positionsShared explorationLock speedFull tech treeHidden civsTurbo modeCheats
Victory
Defeat
🇺🇸 Portuguese · United States
1038
+13
🇺🇸 Romans · United States
1025
+14
🇩🇪 Persians · Germany
996
-14
🇩🇪 Mongols · Germany
956
-13
ueki_ya
5:26 Loom
11:34 Feudal Age
13:08 Horse Collar
19:04 Castle Age
19:09 Fletching
19:18 Stone Mining
20:11 Crossbowman
28:54 Heavy Plow
30:29 Gold Mining
30:48 Double-Bit Axe
33:24 Bow Saw
35:33 Ballistics
35:32 Bodkin Arrow
41:13 Padded Archer Armor
46:06 Wheelbarrow
51:22 Imperial Age
51:48 Elite Steppe Lancer
52:44 Bloodlines
52:36 Husbandry
54:23 Scale Barding Armor
54:28 Forging
54:13 Light Cavalry
57:20 Chain Barding Armor
57:36 Iron Casting
69:13 Hussar
80:51 Caravan
81:25 Conscription
86:54 Fortified Wall
89:40 Elite Skirmisher
90:31 Thumb Ring
134:06 Onager
FLOflo
5:06 Loom
10:05 Feudal Age
14:13 Forging
14:47 Horse Collar
17:33 Scale Barding Armor
23:25 Castle Age
22:41 Bloodlines
23:03 Scale Barding Armor
23:30 Gold Mining
29:26 Chain Barding Armor
29:22 Husbandry
31:12 Iron Casting
33:13 Wheelbarrow
34:49 Gold Shaft Mining
34:28 Fletching
42:47 Hand Cart
43:19 Double-Bit Axe
46:48 Caravan
47:03 Town Watch
52:42 Imperial Age
50:50 Bodkin Arrow
52:04 Herbal Medicine
53:00 Cavalier
59:09 Plate Barding Armor
63:56 Blast Furnace
63:00 Elite Skirmisher
65:02 Ballistics
65:43 Conscription
67:28 Savar
69:01 Citadels
71:24 Chemistry
77:22 Town Patrol
87:10 Light Cavalry
115:11 Bow Saw
120:25 Murder Holes
Sanjo
8:46 Loom
11:01 Feudal Age
11:20 Man-at-Arms
13:22 Double-Bit Axe
13:20 Horse Collar
14:49 Gold Mining
15:57 Bloodlines
25:48 Forging
28:25 Castle Age
28:16 Scale Mail Armor
28:07 Fletching
30:21 Squires
33:29 Heavy Plow
33:25 Pikeman
39:43 Wheelbarrow
41:04 Scale Barding Armor
41:35 Stone Mining
43:59 Hand Cart
47:25 Gold Shaft Mining
48:50 Bodkin Arrow
53:16 Caravan
56:13 Iron Casting
55:39 Padded Archer Armor
60:11 Imperial Age
58:35 Bow Saw
62:15 Blast Furnace
61:30 Chain Mail Armor
60:53 Halberdier
64:35 Chain Barding Armor
65:34 Conscription
71:45 Light Cavalry
72:26 Husbandry
76:48 Capped Ram
86:18 Long Swordsman
87:41 Legionary
99:16 Elite Skirmisher
102:06 Leather Archer Armor
104:43 Ring Archer Armor
107:41 Plate Barding Armor
123:43 Legionary
124:52 Comitatenses
136:46 Elite Centurion
Poopass
7:54 Loom
11:31 Feudal Age
11:42 Man-at-Arms
13:13 Double-Bit Axe
14:02 Horse Collar
14:36 Arson
17:54 Town Watch
22:49 Castle Age
22:55 Long Swordsman
23:03 Elite Skirmisher
24:09 Forging
24:08 Heavy Plow
24:48 Scale Mail Armor
25:00 Bow Saw
26:01 Gambesons
26:53 Stone Mining
26:50 Pikeman
35:28 Thumb Ring
35:48 Gold Mining
40:53 Fletching
41:03 Padded Archer Armor
43:35 Imperial Age
43:34 Chain Mail Armor
44:43 Bodkin Arrow
45:31 Fervor
49:43 Leather Archer Armor
50:47 Crop Rotation
51:29 Two-Man Saw
53:13 Bracer
54:19 Wheelbarrow
55:11 Ballistics
57:26 Stone Shaft Mining
57:07 Hand Cart
56:53 Town Patrol
59:46 Chemistry
59:33 Guilds
59:24 Caravan
59:09 Halberdier
62:20 Iron Casting
65:02 Plate Mail Armor
72:17 Husbandry
72:27 Bloodlines
75:02 Guilds
77:30 Cavalier
77:30 Light Cavalry
78:12 Light Cavalry
80:18 Elite Organ Gun
81:15 Two-Handed Swordsman
84:38 Champion
87:10 Conscription
88:00 Circumnavigation
92:38 Masonry
98:16 Murder Holes
98:51 Architecture
98:53 Siege Engineers
107:15 Fortified Wall
110:14 Blast Furnace
109:45 Ring Archer Armor
109:22 Scale Barding Armor
117:44 Arquebus
Connection lost

Rejoining the realm…

Still unreachable

The connection could not be restored.

Session expired

The server has moved on; the page needs a fresh start.